 Dungeon Crawl Stone Soup version 0.22-a0-305-gd21a89c538 (webtiles) character file.

227788 Kriby the Fighter (level 18, -7/144 HPs)
             Began as a Gnoll Wanderer on Oct 25, 2017.
             Was the Champion of Makhleb.
             Mangled by an Executioner (21 damage)
             ... summoned by the player character
             ... on level 1 of the Vaults on Mar 31, 2018.
             The game lasted 03:06:32 (40805 turns).

Kriby the Fighter (Gnoll Wanderer)                 Turns: 40805, Time: 03:06:33

Health: -7/144     AC: 16    Str: 20    XL:     18   Next: 93%
Magic:  20/30      EV: 21    Int: 17    God:    Makhleb [******]
Gold:   517        SH:  7    Dex: 17    Spells: 7/41 levels left

rFire    + . .     SeeInvis .   a - +9 demon blade (elec)
rCold    . . .     Gourm    .   y - +0 buckler
rNeg     . . .     Faith    .   J - +0 troll leather armour
rPois    +         Spirit   .   P - +2 helmet
rElec    .         Reflect  .   m - +0 cloak
rCorr    .         Harm     .   N - +0 pair of gloves
MR       ++...                  D - +2 pair of boots {Stlth+}
Stlth    ++++++....             f - amulet of regeneration
HPRegen  1.14/turn              M - ring of protection from fire
MPRegen  0.22/turn              O - ring of poison resistance

@: about to teleport, marked
A: distributed training, fangs 1, talons 1, low mp 1, magic resistance 1, strong
1, strong nose
}: 2/15 runes: barnacled, gossamer
a: Minor Destruction, Lesser Servant of Makhleb, Major Destruction, Greater
Servant of Makhleb, Renounce Religion


You were on level 1 of the Vaults.
You worshipped Makhleb.
Makhleb was exalted by your worship.
You were hungry.

You visited 6 branches of the dungeon, and saw 30 of its levels.

You collected 3115 gold pieces.
You spent 2598 gold pieces at shops.

Inventory:

Hand Weapons
 a - a +9 demon blade of electrocution (weapon)
 b - a +4 scimitar of flaming
 t - the +7 falchion of Conversion {slice, Str+6 SInv}
   (You found it on level 2 of the Lair of Beasts)

   It inflicts extra damage upon your enemies.
   It affects your strength (+6).
   It lets you see invisible.
 W - a +1 triple sword of draining
Missiles
 w - 28 poisoned javelins (quivered)
 z - 33 javelins
 A - 2 javelins of penetration
 L - 7 throwing nets
Armour
 m - a +0 cloak (worn)
 y - a +0 buckler (worn)
 D - a +2 pair of boots of stealth (worn)
 J - a +0 troll leather armour (worn)
 N - a +0 pair of gloves (worn)
 P - a +2 helmet (worn)
 T - a +0 shield
Magical Staves
 s - an uncursed staff of power
Jewellery
 f - an amulet of regeneration (around neck)
 h - an uncursed ring of magical power
 o - an uncursed ring of protection from magic
 C - the ring "Fewoq" {-Tele rF++ rC+++ rN+ Int-3}
   (You found it on level 4 of the Shoals)

   [ring of positive energy]

   It affects your intelligence (-3).
   It greatly protects you from fire.
   It renders you almost immune to cold.
   It protects you from negative energy.
   It prevents most forms of teleportation.
 M - a ring of protection from fire (left hand)
 O - a ring of poison resistance (right hand)
 Z - an uncursed ring of wizardry
Wands
 x - a wand of iceblast (4)
 G - a wand of random effects (22)
 V - a wand of polymorph (8)
Scrolls
 c - 3 scrolls of teleportation
 i - 3 scrolls of amnesia
 j - 28 scrolls of identify
 k - 18 scrolls of remove curse
 n - 4 scrolls of fog
 q - 2 scrolls of immolation
 r - 6 scrolls of enchant armour
 U - 6 scrolls of magic mapping
 X - a scroll of enchant weapon
Potions
 d - 3 potions of lignification
 e - 4 potions of mutation
 l - 3 potions of flight
 p - a potion of haste
 u - 3 potions of agility
 v - 5 potions of ambrosia
 B - 2 potions of brilliance
 E - a potion of curing
Miscellaneous
 I - a lamp of fire (inert)
 K - a crystal ball of energy
 Y - a phantom mirror
Comestibles
 g - 34 rations


   Skills:
 + Level 13.6 Fighting
 + Level 12.3 Short Blades
 + Level 12.3 Long Blades
 + Level 12.3 Axes
 + Level 12.3 Maces & Flails
 + Level 12.5 Polearms
 + Level 12.3 Staves
 + Level 12.3 Slings
 + Level 12.3 Bows
 + Level 12.3 Crossbows
 + Level 12.5 Throwing
 + Level 12.3 Armour
 + Level 13.0 Dodging
 + Level 12.5 Stealth
 + Level 12.3 Shields
 + Level 13.0 Unarmed Combat
 + Level 12.3 Spellcasting
 + Level 10.5 Conjurations
 + Level 10.5 Hexes
 + Level 10.5 Charms
 + Level 10.5 Summonings
 + Level 10.5 Necromancy
 + Level 10.5 Translocations
 + Level 10.5 Transmutations
 + Level 10.5 Fire Magic
 + Level 10.5 Ice Magic
 + Level 10.5 Air Magic
 + Level 10.5 Earth Magic
 + Level 10.5 Poison Magic
 + Level 13.2 Invocations
 + Level 12.3 Evocations


You had 7 spell levels left.
You knew the following spells:

 Your Spells              Type           Power        Failure   Level  Hunger
a - Magic Dart            Conj           ####         1%          1    None
b - Blink                 Tloc           N/A          1%          2    None
c - Call Imp              Summ           #####...     1%          2    None
d - Conjure Flame         Conj/Fire      #####...     1%          3    None
e - Stone Arrow           Conj/Erth      #####.       1%          3    None
f - Summon Ice Beast      Ice/Summ       #####...     1%          4    ##.....
g - Lightning Bolt        Conj/Air       #####.....   2%          5    ####...
h - Summon Lightning Spi  Summ/Air       #####...     1%          4    ##.....
i - Venom Bolt            Conj/Pois      #####.....   2%          5    ####...
j - Fireball              Conj/Fire      #####.....   2%          5    ####...


Dungeon Overview and Level Annotations

Branches:
Dungeon (13/15)            Temple (0/1) D:5            Lair (6/6) D:8
 Shoals (4/4) Lair:3       Spider (4/4) Lair:4        Slime (0/5) Lair:6
    Orc (2/2) D:10            Elf (0/3) Orc:2        Vaults (1/5) D:13

Altars:
Cheibriados
Elyvilon
Hepliaklqana
Kikubaaqudgha
Makhleb
Qazlal
Sif Muna
Trog
Vehumet
Wu Jian
Xom
Yredelemnul
Zin
Beogh
Jiyva

Shops:
D:7 *   D:8 !   D:12 ?!}   Orc:2 ?:?[   Shoals:1 !   Shoals:4 !   Vaults:1 [

Portals:
Trove: D:11 (give +5 fire dragon scales)

Annotations:
D:8 exclusion: statue
Lair:6 exclusion: oklob plant
Shoals:2 Polyphemus


Innate Abilities, Weirdness & Mutations

Your experience applies equally to all skills.
You have very sharp teeth.
Your uncanny sense of smell can sniff out nearby items.
You have sharp toenails.
Your magical capacity is low. (-10% MP)
You are resistant to hostile enchantments. (MR+)
Your muscles are strong. (Str +2)


Message History

The vault warden shouts!
You feel better.
The Executioner gestures.
The Executioner seems to speed up.
The Executioner closely misses you. The Executioner misses you.
You block the Executioner's attack.
Your ice beast completely misses the vault sentinel.
Your ice beast hits the vault sentinel but does no damage.
The ironheart preserver barely misses your ice beast.
The vault warden unwields an uncursed battleaxe.
The vault warden wields an uncursed arbalest.
The vault warden shoots a bolt.
The bolt closely misses your ice beast. The bolt hits you!
* * * LOW HITPOINT WARNING * * *
The vault sentinel hits your ice beast with a morningstar.
You feel better.
The runic seal fades away.
The Executioner gestures at you. You resist with almost no effort.
You block the Executioner's attack.
The Executioner hits you but does no damage.
The Executioner closely misses you. The Executioner hits you!!
You die...

.....#......#..########..........
.....#......#..#......#..........
.....#......'..#......#..........
.....#......#..#......#..........
.....#......#..#......#..........
.....########..#......#..........
...............#.Y....#..........
...............#1.p.(.#########'#
...............#@Yp...#..........
...............#..p...+..........
####...........+(.....#..###.###.
#.........(.########..##.#.##.
#..................#..#.#.#.#.
#..................#...#.#.#..
#...........########..#.#.#.#.
#...........#......#..##.#.##.
#...........#......#..###.###.


You could see an ironheart preserver, a vault warden, an Executioner, a vault
sentinel and 2 friendly ice beasts.

Vanquished Creatures
  Arachne (Spider:2)
  Jorgrun (Shoals:2)
  Frances (Shoals:1)
  A kraken (Shoals:2)
  Ilsuiw (Shoals:4)
  7 emperor scorpions
  6 ghost moths
  3 stone giants
  3 entropy weavers
  3 spark wasps (Spider:4)
  3 merfolk javelineers (Shoals:4)
  An ettin (Vaults:1)
  7 merfolk impalers
  3 hydras
  6 merfolk aquamancers
  5 centaur warriors
  4 satyrs
  4 merfolk avatars
  An alligator snapping turtle (Shoals:3)
  7 two-headed ogres
  Erica (Orc:1)
  5 death yaks (Lair:6)
  A tengu warrior (D:13)
  A death drake (Orc:2)
  15 sea snakes
  A necromancer (Vaults:1)
  A manticore (shapeshifter) (D:13)
  22 wolf spiders
  20 orb spiders
  5 harpies
  8 cyclopes
  An ugly thing (D:10)
  4 orc sorcerers
  14 manticores
  19 fauns
  3 black mambas
  2 moths of wrath (Spider:4)
  A salamander (Lair:5)
  13 elephants
  8 merfolk sirens
  Psyche (D:9)
  Maurice (D:9)
  A vault sentinel (Vaults:1)
  4 water nymphs
  A centaur skeleton (D:11)
  15 spiny frogs
  3 rime drakes
  2 torpor snails
  A yaktaur (Vaults:1)
  A freezing wraith (D:13)
  A kobold demonologist (D:13)
  10 demonic crawlers
  8 komodo dragons
  2 tengu conjurers (D:13)
  20 merfolk
  A yaktaur skeleton (Vaults:1)
  30 jumping spiders
  6 trolls
  2 polar bears (Lair:6)
  Grinder (D:4)
  15 hornets
  A wind drake (Shoals:4)
  4 slime creatures
  7 snapping turtles
  Prince Ribbit (D:5)
  10 hippogriffs
  18 dream sheep
  31 tarantellas
  38 yaks
  12 water elementals
  3 wraiths
  79 redbacks
  4 wyverns
  A fire bat (Orc:2)
  A steam dragon (D:11)
  2 basilisks (Lair:2)
  4 vampire mosquitoes (Lair:2)
  2 hungry ghosts
  6 wargs
  2 insubstantial wisps (Lair:2)
  A swamp worm (Orc:2)
  An acid dragon (D:12)
  16 water moccasins
  8 porcupines
  Duvessa (D:5)
  5 sky beasts
  2 black bears (D:8)
  16 orc warriors
  3 phantoms
  4 ice beasts
  16 ogres
  2 eyes of draining
  A boggart (D:13)
  An elf zombie (Vaults:1)
  12 wolves
  5 centaurs
  13 crocodiles
  5 big kobolds
  14 bullfrogs
  Blork the orc (D:4)
  2 gnoll sergeants
  Dowan (D:5)
  A water moccasin zombie (D:12)
  6 scorpions
  4 killer bees (D:11)
  3 howler monkeys
  3 jellies
  8 wights
  5 electric eels
  4 crimson imps
  A centaur zombie (D:6)
  A human simulacrum (Vaults:1)
  6 orc priests
  A gnoll shaman (D:8)
  3 hounds
  25 orc wizards
  4 bullfrog skeletons
  Jessica (D:3)
  2 iguanas
  17 worker ants
  2 yak simulacra (Lair:5)
  A wolf simulacrum (Lair:5)
  A hound zombie (D:9)
  A hound skeleton (D:9)
  2 worker ant zombies
  8 gnolls
  12 adders
  3 shadow imps
  An ooze (D:5)
  2 adder zombies (D:5)
  3 worms
  A dart slug (D:1)
  7 leopard geckos
  68 orcs
  2 ball pythons
  5 bats
  A bat zombie (D:1)
  6 giant cockroaches
  9 hobgoblins
  12 jackals
  4 quokkas
  5 frilled lizards
  2 giant cockroach zombies
  7 goblins
  13 kobolds
  A leopard gecko zombie (D:8)
  11 rats
  2 river rat simulacra (Lair:5)
  2 butterflies (Lair:5)
  12 plants
  4 tentacles (Shoals:2)
1000 creatures vanquished.

Vanquished Creatures (collateral kills)
  Rupert (Lair:6)
  Asterion (Spider:2)
  An emperor scorpion (Spider:2)
  Aizul (Spider:2)
  A merfolk javelineer (Shoals:4)
  3 merfolk impalers
  Josephine (Lair:5)
  A hydra (Lair:3)
  An alligator snapping turtle (Shoals:3)
  A centaur warrior (Shoals:3)
  A death yak (Shoals:2)
  A satyr (Shoals:4)
  The ghost of Kriby the Martial Artist, a novice GnWn of Makhleb (D:8)
  4 sea snakes
  A harpy (Shoals:4)
  A necromancer (Lair:5)
  2 wolf spiders
  8 orb spiders
  A cyclops (Shoals:3)
  2 orc sorcerers (Orc:2)
  8 fauns (Shoals:4)
  2 manticores
  6 elephants (Lair:6)
  5 merfolk sirens
  A torpor snail (Spider:1)
  2 trolls (D:10)
  A komodo dragon (Lair:6)
  A rime drake (Lair:6)
  A demonic crawler (Spider:2)
  6 jumping spiders
  12 merfolk
  3 polar bears
  7 dream sheep
  A wind drake (Shoals:4)
  A hornet (Spider:2)
  4 snapping turtles
  4 wraiths (Lair:5)
  3 water elementals
  4 tarantellas
  2 wyverns (Lair:6)
  A basilisk (Lair:2)
  8 redbacks
  8 yaks
  3 porcupines
  A wolf (Lair:6)
  4 crocodiles
  2 bullfrogs
  3 big kobolds
  A gnoll sergeant (D:10)
  A scorpion (Spider:2)
  A killer bee (D:11)
  3 wights (D:9)
  A bullfrog zombie (D:11)
  4 orc wizards (Orc:2)
  A hound (D:8)
  A jelly (D:7)
  A worker ant (D:13)
  2 yak simulacra (Lair:5)
  2 wolf simulacra (Lair:5)
  A worker ant zombie (D:10)
  A gnoll (D:10)
  A shadow imp (D:10)
  13 orcs
  A goblin (Orc:1)
  2 river rat simulacra (Lair:5)
  A butterfly (Lair:3)
  5 plants (Shoals:4)
181 creatures vanquished.

Vanquished Creatures (others)
  2 fauns
  A merfolk (Shoals:1)
  A troll (D:10)
  2 redbacks (Spider:1)
  A kobold (D:11)
  A bush (Lair:6)
  11 fungi
  96 plants
  16 tentacles (Shoals:2)
131 creatures vanquished.

Grand Total: 1312 creatures vanquished

Notes
Turn   | Place    | Note
-------+----------+-------------------------------------------
     0 | D:1      | Kriby the Gnoll Wanderer began the quest for the Orb.
     0 | D:1      | Kriby set off with: a potion of heal wounds, a scroll of fear, a scroll of teleportation, a potion of lignification, a +0 robe, a +0 dagger, a bread ration
     0 | D:1      | Reached XP level 1. HP: 23/23 MP: 1/1
   190 | D:1      | Reached XP level 2. HP: 29/29 MP: 2/2
   812 | D:1      | You fall through a shaft!
   853 | D:2      | Reached XP level 3. HP: 35/35 MP: 3/3
   873 | D:2      | Found a burning altar of Makhleb.
   926 | D:2      | Became a worshipper of Makhleb the Destroyer
  1237 | D:1      | Reached skill level 1 in Invocations
  1788 | D:2      | Found a snail-covered altar of Cheibriados.
  1822 | D:2      | Found a hazy altar of Hepliaklqana.
  2008 | D:2      | Found a deep blue altar of Sif Muna.
  2364 | D:3      | Reached skill level 1 in Short Blades
  2364 | D:3      | Reached skill level 1 in Long Blades
  2364 | D:3      | Reached skill level 1 in Axes
  2364 | D:3      | Reached skill level 1 in Maces & Flails
  2364 | D:3      | Reached skill level 1 in Staves
  2364 | D:3      | Reached skill level 1 in Slings
  2364 | D:3      | Reached skill level 1 in Bows
  2364 | D:3      | Reached skill level 1 in Crossbows
  2364 | D:3      | Reached skill level 1 in Armour
  2364 | D:3      | Reached skill level 1 in Shields
  2364 | D:3      | Reached skill level 1 in Spellcasting
  2364 | D:3      | Reached skill level 1 in Evocations
  2389 | D:3      | Reached XP level 4. HP: 41/41 MP: 5/5
  2390 | D:3      | Found a white marble altar of Elyvilon.
  2410 | D:3      | Noticed Jessica
  2411 | D:3      | Killed Jessica
  2456 | D:3      | Reached skill level 1 in Conjurations
  2456 | D:3      | Reached skill level 1 in Hexes
  2456 | D:3      | Reached skill level 1 in Charms
  2456 | D:3      | Reached skill level 1 in Summonings
  2456 | D:3      | Reached skill level 1 in Necromancy
  2456 | D:3      | Reached skill level 1 in Translocations
  2456 | D:3      | Reached skill level 1 in Transmutations
  2456 | D:3      | Reached skill level 1 in Fire Magic
  2456 | D:3      | Reached skill level 1 in Ice Magic
  2456 | D:3      | Reached skill level 1 in Air Magic
  2456 | D:3      | Reached skill level 1 in Earth Magic
  2456 | D:3      | Reached skill level 1 in Poison Magic
  2496 | D:3      | Reached * piety under Makhleb
  2496 | D:3      | Reached XP level 5. HP: 25/47 MP: 6/6
  2720 | D:3      | Found a basalt altar of Yredelemnul.
  3432 | D:3      | Reached XP level 6. HP: 38/53 MP: 8/8
  3667 | D:4      | Noticed Grinder
  3897 | D:4      | Paralysed by Grinder for 6 turns
  3925 | D:4      | Killed Grinder
  3925 | D:4      | Reached skill level 5 in Dodging
  3925 | D:4      | Reached skill level 5 in Unarmed Combat
  3925 | D:4      | Reached XP level 7. HP: 59/59 MP: 8/10
  4091 | D:4      | Reached ** piety under Makhleb
  4191 | D:4      | Noticed Blork the orc
  4203 | D:4      | Killed Blork the orc
  4581 | D:5      | Entered Level 5 of the Dungeon
  4600 | D:5      | Found a staircase to the Ecumenical Temple.
  4668 | D:5      | Reached XP level 8. HP: 40/67 MP: 12/12
  5118 | D:5      | Noticed Duvessa
  5127 | D:5      | Noticed Dowan
  5128 | D:5      | Killed Duvessa
  5137 | D:5      | Killed Dowan
  5218 | D:5      | Noticed Prince Ribbit
  5237 | D:5      | Killed Prince Ribbit
  5490 | D:5      | Found an ornate altar of the Wu Jian Council.
  5490 | D:5      | Found an ancient bone altar of Kikubaaqudgha.
  5691 | D:5      | Learned a level 2 spell: Blink
  5693 | D:5      | Learned a level 1 spell: Magic Dart
  5981 | D:5      | Reached XP level 9. HP: 67/72 MP: 10/14
  6525 | D:6      | Reached *** piety under Makhleb
  6726 | D:6      | Found a stormy altar of Qazlal.
  6979 | D:6      | Reached skill level 5 in Polearms
  6979 | D:6      | Reached skill level 5 in Throwing
  7216 | D:7      | Found Othin's General Store.
  7236 | D:7      | Bought a scroll of remove curse for 33 gold pieces
  7236 | D:7      | Bought a wand of acid (6/15) for 220 gold pieces
  7236 | D:7      | Bought a scroll of identify for 22 gold pieces
  7236 | D:7      | Bought a scroll of identify for 22 gold pieces
  7289 | D:7      | Reached skill level 5 in Stealth
  7462 | D:7      | Learned a level 2 spell: Call Imp
  7888 | D:7      | You fall through a shaft for 3 floors!
  7888 | D:10     | Entered Level 10 of the Dungeon
  7912 | D:10     | Reached skill level 5 in Invocations
  7913 | D:10     | Noticed a cyan ugly thing
  7923 | D:10     | Killed a cyan ugly thing
  7923 | D:10     | Reached XP level 10. HP: 80/80 MP: 15/17
  7961 | D:10     | Found a staircase to the Orcish Mines.
  7998 | D:10     | Reached skill level 5 in Short Blades
  7998 | D:10     | Reached skill level 5 in Long Blades
  7998 | D:10     | Reached skill level 5 in Axes
  7998 | D:10     | Reached skill level 5 in Maces & Flails
  7998 | D:10     | Reached skill level 5 in Staves
  7998 | D:10     | Reached skill level 5 in Slings
  7998 | D:10     | Reached skill level 5 in Bows
  7998 | D:10     | Reached skill level 5 in Crossbows
  7998 | D:10     | Reached skill level 5 in Armour
  7998 | D:10     | Reached skill level 5 in Shields
  7998 | D:10     | Reached skill level 5 in Spellcasting
  7998 | D:10     | Reached skill level 5 in Evocations
  8053 | D:10     | Reached **** piety under Makhleb
  8209 | D:10     | Gained mutation: You are resistant to hostile enchantments. (MR+) [potion of mutation]
  8209 | D:10     | Gained mutation: Your muscles are strong. (Str +2) [potion of mutation]
  8209 | D:10     | Gained mutation: Your magical capacity is low. (-10% MP) [potion of mutation]
  8209 | D:10     | Gained mutation: You have sharp toenails. [potion of mutation]
  8542 | D:10     | Killed a troll
  8896 | D:9      | Noticed a two-headed ogre
  8913 | D:9      | Killed a two-headed ogre
  9155 | D:9      | Learned a level 3 spell: Conjure Flame
  9326 | D:9      | Noticed Psyche
  9447 | D:9      | Killed Psyche
  9447 | D:9      | Reached XP level 11. HP: 87/87 MP: 17/17
  9499 | D:9      | Found a stormy altar of Qazlal.
  9611 | D:9      | Noticed Maurice
  9619 | D:9      | Killed Maurice
  9635 | D:9      | Noticed a two-headed ogre
  9640 | D:9      | Killed a two-headed ogre
  9937 | D:8      | Found Agunawel's Distillery.
  9951 | D:8      | Noticed Kriby's ghost (novice GnWn)
  9971 | D:8      | Killed Kriby's ghost
  9971 | D:8      | Reached skill level 5 in Conjurations
  9971 | D:8      | Reached skill level 5 in Hexes
  9971 | D:8      | Reached skill level 5 in Charms
  9971 | D:8      | Reached skill level 5 in Summonings
  9971 | D:8      | Reached skill level 5 in Necromancy
  9971 | D:8      | Reached skill level 5 in Translocations
  9971 | D:8      | Reached skill level 5 in Transmutations
  9971 | D:8      | Reached skill level 5 in Fire Magic
  9971 | D:8      | Reached skill level 5 in Ice Magic
  9971 | D:8      | Reached skill level 5 in Air Magic
  9971 | D:8      | Reached skill level 5 in Earth Magic
  9971 | D:8      | Reached skill level 5 in Poison Magic
 10008 | D:8      | Bought a potion of berserk rage for 70 gold pieces
 10008 | D:8      | Bought a potion of heal wounds for 70 gold pieces
 10008 | D:8      | Bought a potion of berserk rage for 70 gold pieces
 10151 | D:8      | Noticed a two-headed ogre
 10153 | D:8      | Killed a two-headed ogre
 10174 | D:8      | Found a glowing silver altar of Zin.
 10207 | D:8      | Noticed an angel
 10210 | D:8      | Found a shimmering altar of Xom.
 10213 | D:8      | Noticed a two-headed ogre
 10217 | D:8      | Killed a two-headed ogre
 10218 | D:8      | Noticed a two-headed ogre
 10221 | D:8      | Killed a two-headed ogre
 10586 | D:8      | Found a staircase to the Lair.
 10610 | D:8      | Found a bloodstained altar of Trog.
 10655 | D:8      | Found a radiant altar of Vehumet.
 10791 | D:8      | Noticed a two-headed ogre
 10866 | D:8      | Noticed a three-headed hydra
 10893 | D:8      | Killed a three-headed hydra
 10893 | D:8      | Reached XP level 12. HP: 67/96 MP: 19/19
 11407 | Lair:1   | Entered Level 1 of the Lair of Beasts
 11451 | Lair:1   | Learned a level 3 spell: Stone Arrow
 11471 | Lair:1   | Learned a level 4 spell: Summon Ice Beast
 11477 | Lair:1   | Learned a level 5 spell: Lightning Bolt
 11482 | Lair:1   | Learned a level 4 spell: Summon Lightning Spire
 11511 | Lair:1   | Reached ***** piety under Makhleb
 11514 | Lair:1   | Identified the +0 falchion "Fewnis" {slice, *Rage +Blink rElec Str+6} (You found it on level 1 of the Lair of Beasts)
 12589 | Lair:2   | Identified the +7 falchion of Conversion {slice, Str+6 SInv} (You found it on level 2 of the Lair of Beasts)
 14320 | Lair:3   | Noticed a six-headed hydra
 14333 | Lair:3   | Killed a six-headed hydra
 14333 | Lair:3   | Reached skill level 10 in Fighting
 14911 | Lair:3   | Found a staircase to the Shoals.
 15071 | Lair:3   | Upgraded the game from 0.21-a0-401-g0b6bec4 to 0.22-a0-298-g92d99f377c
 15199 | Lair:4   | Reached XP level 13. HP: 103/103 MP: 22/22
 15233 | Lair:4   | Found a hole to the Spider Nest.
 16404 | Lair:5   | Noticed Nessos
 16415 | Lair:5   | Noticed Nessos
 16415 | Lair:5   | Nessos changed into Nessos the salamander
 16436 | Lair:5   | Killed Nessos the salamander
 16533 | Lair:5   | Noticed Josephine
 16548 | Lair:5   | Killed Josephine
 17239 | Lair:6   | Entered Level 6 of the Lair of Beasts
 17307 | Lair:6   | Noticed Rupert
 17336 | Lair:6   | Reached ****** piety under Makhleb
 17419 | Lair:6   | Found a viscous altar of Jiyva.
 17420 | Lair:6   | Found a staircase to the Slime Pits.
 17480 | Lair:6   | Killed Rupert
 18001 | Lair:6   | Found a snail-covered altar of Cheibriados.
 18169 | Lair:6   | Reached XP level 14. HP: 111/111 MP: 15/23
 18640 | Lair:6   | Reached skill level 10 in Dodging
 18640 | Lair:6   | Reached skill level 10 in Unarmed Combat
 19458 | Spider:1 | Entered Level 1 of the Spider Nest
 19862 | Lair:4   | Reached skill level 10 in Invocations
 20720 | Spider:1 | Noticed an emperor scorpion
 20870 | Spider:1 | Learned a level 5 spell: Venom Bolt
 21026 | Spider:1 | Killed an emperor scorpion
 21041 | Spider:1 | Reached XP level 15. HP: 99/119 MP: 9/25
 21416 | Spider:1 | Upgraded the game from 0.22-a0-298-g92d99f377c to 0.22-a0-301-gf0fe05caec
 21559 | Spider:2 | Reached skill level 10 in Polearms
 21559 | Spider:2 | Reached skill level 10 in Throwing
 21766 | Spider:2 | Noticed an emperor scorpion
 21808 | Spider:2 | Killed an emperor scorpion
 21808 | Spider:2 | Reached skill level 10 in Stealth
 21922 | Spider:2 | Noticed Arachne
 21950 | Spider:2 | Killed Arachne
 22121 | Spider:2 | Noticed Aizul
 22136 | Spider:2 | Killed Aizul
 22451 | Spider:2 | Killed a ghost moth
 22617 | Spider:2 | Noticed Asterion
 22634 | Spider:2 | Killed Asterion
 22995 | Spider:2 | Reached skill level 10 in Short Blades
 22995 | Spider:2 | Reached skill level 10 in Long Blades
 22995 | Spider:2 | Reached skill level 10 in Axes
 22995 | Spider:2 | Reached skill level 10 in Maces & Flails
 22995 | Spider:2 | Reached skill level 10 in Staves
 22995 | Spider:2 | Reached skill level 10 in Slings
 22995 | Spider:2 | Reached skill level 10 in Bows
 22995 | Spider:2 | Reached skill level 10 in Crossbows
 22995 | Spider:2 | Reached skill level 10 in Armour
 22995 | Spider:2 | Reached skill level 10 in Shields
 22995 | Spider:2 | Reached skill level 10 in Spellcasting
 22995 | Spider:2 | Reached skill level 10 in Evocations
 23104 | Spider:2 | Noticed an emperor scorpion
 23123 | Spider:2 | Killed an emperor scorpion
 23348 | Spider:2 | Noticed an emperor scorpion
 23367 | Spider:2 | Killed an emperor scorpion
 23668 | Spider:3 | Noticed an emperor scorpion
 23695 | Spider:3 | Killed an emperor scorpion
 24273 | Spider:3 | Killed a ghost moth
 24273 | Spider:3 | Reached XP level 16. HP: 127/127 MP: 0/27
 25196 | Spider:4 | Entered Level 4 of the Spider Nest
 25723 | Orc:1    | Entered Level 1 of the Orcish Mines
 25901 | Orc:2    | Entered Level 2 of the Orcish Mines
 26182 | Orc:2    | Found a roughly hewn altar of Beogh.
 26625 | Orc:1    | Noticed Erica
 26657 | Orc:1    | Killed Erica
 26750 | Orc:2    | Found a staircase to the Elven Halls.
 27041 | Orc:2    | Upgraded the game from 0.22-a0-301-gf0fe05caec to 0.22-a0-303-g4a852b32ea
 27297 | Orc:2    | Found Naofaus's Magic Scroll Shop.
 27354 | Orc:2    | Found Azugamug's Magic Scroll Boutique.
 27375 | Orc:2    | Bought a scroll of fear for 52 gold pieces
 27375 | Orc:2    | Bought a scroll of blinking for 112 gold pieces
 27375 | Orc:2    | Bought a scroll of enchant weapon for 112 gold pieces
 27375 | Orc:2    | Bought a scroll of enchant weapon for 112 gold pieces
 27375 | Orc:2    | Bought a scroll of remove curse for 45 gold pieces
 27375 | Orc:2    | Bought a scroll of magic mapping for 52 gold pieces
 27395 | Orc:2    | Bought a scroll of enchant weapon for 105 gold pieces
 27395 | Orc:2    | Bought a scroll of enchant armour for 105 gold pieces
 27395 | Orc:2    | Bought a scroll of fog for 28 gold pieces
 27395 | Orc:2    | Bought a scroll of enchant armour for 105 gold pieces
 27420 | Orc:2    | Found a radiant altar of Vehumet.
 27421 | Orc:2    | Noticed Erolcha
 27423 | Orc:2    | Noticed Erolcha
 27423 | Orc:2    | Erolcha changed into Erolcha the eye of draining
 27436 | Orc:2    | Killed Erolcha the eye of draining
 27502 | Orc:2    | Found an ancient bone altar of Kikubaaqudgha.
 27627 | Orc:2    | Found a roughly hewn altar of Beogh.
 27633 | Orc:2    | Found Houji's Antique Armour Shop.
 27640 | Orc:2    | Found Esathaf's Book Shop.
 28026 | D:11     | Found a portal to a secret trove of treasure.
 28393 | D:11     | Identified the cursed +1 robe of Liusuf {rElec} (You took it off a big kobold on level 11 of the Dungeon)
 28490 | D:12     | Found Xuinte Ginn's Distillery.
 28503 | D:12     | Bought a potion of might for 44 gold pieces
 28503 | D:12     | Bought a potion of haste for 110 gold pieces
 28503 | D:12     | Bought a potion of curing for 33 gold pieces
 28503 | D:12     | Bought a potion of curing for 33 gold pieces
 28503 | D:12     | Bought a potion of curing for 33 gold pieces
 28503 | D:12     | Bought a potion of curing for 33 gold pieces
 28503 | D:12     | Bought a potion of haste for 110 gold pieces
 28607 | D:12     | Found Anaymits's Gadget Boutique.
 28794 | D:12     | Found Gylalemas's Magic Scroll Emporium.
 28825 | D:12     | Bought a scroll of summoning for 152 gold pieces
 28825 | D:12     | Bought a scroll of enchant armour for 120 gold pieces
 28825 | D:12     | Bought a scroll of enchant armour for 120 gold pieces
 30614 | Spider:4 | Reached XP level 17. HP: 135/135 MP: 14/28
 31330 | Spider:4 | Got a gossamer rune of Zot
 31666 | Shoals:1 | Entered Level 1 of the Shoals
 32450 | Shoals:1 | Found Gugeraq's Distillery.
 32463 | Shoals:1 | Bought a potion of heal wounds for 75 gold pieces
 32463 | Shoals:1 | Bought a potion of curing for 45 gold pieces
 32463 | Shoals:1 | Bought a potion of heal wounds for 75 gold pieces
 32463 | Shoals:1 | Bought a potion of mutation for 120 gold pieces
 32699 | Shoals:1 | Noticed Frances
 32721 | Shoals:1 | Killed Frances
 33159 | Shoals:2 | Noticed a kraken
 33304 | Shoals:2 | Killed a kraken
 33585 | Shoals:2 | Noticed Polyphemus
 33705 | Shoals:2 | Upgraded the game from 0.22-a0-303-g4a852b32ea to 0.22-a0-305-gd21a89c538
 34167 | Shoals:2 | Noticed Jorgrun
 34179 | Shoals:2 | Killed Jorgrun
 35060 | Shoals:3 | Reached skill level 10 in Conjurations
 35060 | Shoals:3 | Reached skill level 10 in Hexes
 35060 | Shoals:3 | Reached skill level 10 in Charms
 35060 | Shoals:3 | Reached skill level 10 in Summonings
 35060 | Shoals:3 | Reached skill level 10 in Necromancy
 35060 | Shoals:3 | Reached skill level 10 in Translocations
 35060 | Shoals:3 | Reached skill level 10 in Transmutations
 35060 | Shoals:3 | Reached skill level 10 in Fire Magic
 35060 | Shoals:3 | Reached skill level 10 in Ice Magic
 35060 | Shoals:3 | Reached skill level 10 in Air Magic
 35060 | Shoals:3 | Reached skill level 10 in Earth Magic
 35060 | Shoals:3 | Reached skill level 10 in Poison Magic
 35270 | Shoals:3 | Reached XP level 18. HP: 126/143 MP: 16/30
 36347 | Shoals:4 | Entered Level 4 of the Shoals
 36428 | Shoals:4 | Noticed Ilsuiw
 36460 | Shoals:4 | Found Ziolaogo's Distillery.
 37226 | Shoals:4 | Identified the +4 bardiche of Xadoim {chop, +Blink +Fly Int+2 Dex+3} (You took it off a merfolk javelineer on level 4 of the Shoals)
 37242 | Shoals:4 | Identified the cursed +1 long sword "Sinosir" {distort, +Blink rPois Str+4 Int-2} (You took it off a merfolk siren on level 4 of the Shoals)
 37696 | Shoals:4 | Bought a potion of curing for 48 gold pieces
 37696 | Shoals:4 | Bought a potion of agility for 64 gold pieces
 37696 | Shoals:4 | Bought a potion of curing for 48 gold pieces
 37723 | Shoals:4 | Got a flickering turquoise ring
 37731 | Shoals:4 | Identified the ring "Fewoq" {-Tele rF++ rC+++ rN+ Int-3} (You found it on level 4 of the Shoals)
 38135 | Shoals:4 | Learned a level 5 spell: Fireball
 38308 | Shoals:4 | Killed Ilsuiw
 38472 | Shoals:4 | Got a barnacled rune of Zot
 39378 | D:13     | Noticed Sonja
 39385 | D:13     | Noticed Sonja
 39385 | D:13     | Sonja changed into Sonja the boggart
 39390 | D:13     | Killed Sonja the boggart
 39890 | D:13     | Found a gate to the Vaults.
 39899 | Vaults:1 | Entered Level 1 of the Vaults
 40021 | Vaults:1 | Found Nuango's Armour Shop.
 40804 | Vaults:1 | HP: 7/144 [vault warden/bolt (11)]
 40805 | Vaults:1 | Mangled by an Executioner

Vault maps used:
D:1:      saegor_arrival_fortress
D:2:      led_sif_pool, nicolae_overflow_crystal_walls, cheibriados_altar_1,
          bloody_makhleb
D:3:      yredelemnul_altar_generic, first_bread, elyvilon_altar_4, uniq_jessica
D:4:      uniq_blork_the_orc, uniq_grinder
D:5:      gammafunk_temple_overflow_statue, temple_pool_b, st_stairs_1,
          uniq_prince_ribbit1, uniq_duvessa
D:6:      grunt_qazlal_sundering
D:7:      serial_shops, shop
D:8:      grunt_temple_overflow_order_and_chaos_1, overflow_temple_1_default,
          vehumet_statue, grunt_lair_entry_orc_guard_hut, serial_shops, shop,
          hangedman_ranch, minivault_26
D:9:      cheibrodos_fzero, kennysheep_mini, uniq_psyche, uniq_maurice
D:10:     kennysheep_orc_monster_closet_entryway
D:11:     nicolae_trove_entry_crystal
D:12:     serial_shops, shop, shop, shop_fountains, minmay_misc_feat_iff,
          hangedman_abyss_or_decor_lesser_grid
D:13:     david_vaults_4, uniq_sonja
Lair:1:   infiniplex_staircase_pool
Lair:2:   st_stairs_11, pond, grunt_megastairs_3
Lair:3:   elwin_shoals_entry_rooms, grunt_megastairs_4, serial_bayou_shore_b,
          lemuel_fruit_fields, infiniplex_staircase_pool_2
Lair:4:   spider_nest_entry_a, serial_bayou_pond_d, serial_bayou_lagoon_a
Lair:5:   eino_house_with_fridge, lemuel_fruit_fields, uniq_nessos,
          uniq_josephine
Lair:6:   gammafunk_lair_ancient_temple, slime_altar_1, basic_altar,
          st_stairs_8, minivault_26, serial_bayou_shore_b, serial_bayou_shore_b,
          uniq_rupert
Shoals:1: nicolae_shoals_c_island, uniq_frances
Shoals:2: uniq_polyphemus, uniq_jorgrun
Shoals:3: hangedman_shoals_cup_caves
Shoals:4: shoals_end_grunt_garden, shoals_ilsuiw_ice, serial_shops, shop
Spider:2: nicolae_spider_corner, uniq_aizul, uniq_arachne, uniq_asterion
Spider:4: spider_rune_water
Orc:1:    mines5_lemuel, uniq_erica
Orc:2:    kennysheep_orc_mage_school, basic_altar
Vaults:1: nicolae_vaults_yaktaur_gun_rack, v_alt_pattern_1, v_misc_17,
          ontoclasm_vaults_fault, nicolae_vaults_gold_heap, vaults_dpeg_cross,
          vaults_room_semicircle, serial_shops, shop_statue

Skill      XL: |  1  2  3  4  5  6  7  8  9 10 11 12 13 14 15 16 17 18 |
---------------+-------------------------------------------------------+-----
Invocations    | 1 2 3 4 5 6 7 8 9 10 11 12 13 | 13.2
Short Blades   | 1 2 3 4 5 6 7 8 9 10 11 12 | 12.3
Long Blades    | 1 2 3 4 5 6 7 8 9 10 11 12 | 12.3
Axes           | 1 2 3 4 5 6 7 8 9 10 11 12 | 12.3
Maces & Flails | 1 2 3 4 5 6 7 8 9 10 11 12 | 12.3
Staves         | 1 2 3 4 5 6 7 8 9 10 11 12 | 12.3
Slings         | 1 2 3 4 5 6 7 8 9 10 11 12 | 12.3
Bows           | 1 2 3 4 5 6 7 8 9 10 11 12 | 12.3
Crossbows      | 1 2 3 4 5 6 7 8 9 10 11 12 | 12.3
Armour         | 1 2 3 4 5 6 7 8 9 10 11 12 | 12.3
Shields        | 1 2 3 4 5 6 7 8 9 10 11 12 | 12.3
Spellcasting   | 1 2 3 4 5 6 7 8 9 10 11 12 | 12.3
Evocations     | 1 2 3 4 5 6 7 8 9 10 11 12 | 12.3
Conjurations   | 1 2 3 4 5 6 7 8 9 10 | 10.5
Hexes          | 1 2 3 4 5 6 7 8 9 10 | 10.5
Charms         | 1 2 3 4 5 6 7 8 9 10 | 10.5
Summonings     | 1 2 3 4 5 6 7 8 9 10 | 10.5
Necromancy     | 1 2 3 4 5 6 7 8 9 10 | 10.5
Translocations | 1 2 3 4 5 6 7 8 9 10 | 10.5
Transmutations | 1 2 3 4 5 6 7 8 9 10 | 10.5
Fire Magic     | 1 2 3 4 5 6 7 8 9 10 | 10.5
Ice Magic      | 1 2 3 4 5 6 7 8 9 10 | 10.5
Air Magic      | 1 2 3 4 5 6 7 8 9 10 | 10.5
Earth Magic    | 1 2 3 4 5 6 7 8 9 10 | 10.5
Poison Magic   | 1 2 3 4 5 6 7 8 9 10 | 10.5
Polearms       | 3 4 5 6 7 8 9 10 11 12 | 12.5
Throwing       | 3 4 5 6 7 8 9 10 11 12 | 12.5
Stealth        | 3 4 5 6 7 8 9 10 11 12 | 12.5
Dodging        | 5 6 7 8 9 10 11 12 13 | 13.0
Unarmed Combat | 5 6 7 8 9 10 11 12 13 | 13.0
Fighting       | 7 8 9 10 11 12 13 | 13.6

Action                   |  1- 3 |  4- 6 |  7- 9 | 10-12 | 13-15 | 16-18 || total
-------------------------+-------+-------+-------+-------+-------+-------++-------
Melee: Spear             |   129 |   178 |    92 |       |       |       ||   399
       Bite              |    10 |    16 |    47 |    91 |   258 |   242 ||   664
       Punch             |     2 |     3 |     6 |     1 |       |       ||    12
       Flail             |       |       |     3 |       |       |       ||     3
       Rapier            |       |       |   298 |   625 |  1247 |       ||  2170
       Halberd           |       |       |    41 |       |       |       ||    41
       Morningstar       |       |       |       |    21 |       |       ||    21
       Scimitar          |       |       |       |    14 |       |    27 ||    41
       Demon blade       |       |       |       |       |   196 |  1426 ||  1622
       Falchion          |       |       |       |       |       |    26 ||    26
Throw: Tomahawk          |    20 |    29 |    37 |    25 |       |       ||   111
       Throwing net      |       |       |     1 |       |       |       ||     1
       Javelin           |       |       |       |       |       |    20 ||    20
 Cast: Magic Dart        |       |       |     5 |     3 |       |       ||     8
       Blink             |       |       |     1 |     2 |       |       ||     3
       Call Imp          |       |       |     7 |    45 |    34 |    57 ||   143
       Summon Ice Beast  |       |       |       |    23 |    52 |    39 ||   114
       Summon Lightning  |       |       |       |       |    37 |    31 ||    68
       Venom Bolt        |       |       |       |       |    14 |    31 ||    45
       Lightning Bolt    |       |       |       |       |     4 |     1 ||     5
       Stone Arrow       |       |       |       |       |       |     4 ||     4
       Fireball          |       |       |       |       |       |    10 ||    10
       Conjure Flame     |       |       |       |       |       |     2 ||     2
Invok: Lesser Servant of |       |       |       |     1 |       |       ||     1
       Greater Servant o |       |       |       |       |     1 |    10 ||    11
Evoke: Wand              |       |       |    13 |    32 |    35 |    89 ||   169
       Lamp of fire      |       |       |       |       |     2 |     6 ||     8
  Use: Potion            |       |     3 |       |    11 |    10 |    28 ||    52
       Scroll            |       |       |     2 |    26 |    10 |    28 ||    66
 Stab: Sleeping          |     6 |       |     2 |    20 |    10 |    22 ||    60
       Distracted        |     1 |       |       |     2 |    20 |    13 ||    36
       Paralysed         |       |       |    14 |       |       |     4 ||    18
       Betrayed ally     |       |       |       |     1 |       |     1 ||     2
       Held in net/web   |       |       |       |       |       |     1 ||     1
  Eat: Chunk             |    14 |     4 |    14 |    15 |    28 |    55 ||   130
       Buggy fruit       |       |       |       |     2 |       |       ||     2
       Buggy ration      |       |       |       |     1 |       |       ||     1
       Ration            |       |       |       |       |     5 |     4 ||     9
Armor: Robe              |     7 |       |       |       |       |       ||     7
       Ring mail         |     7 |    35 |       |       |       |       ||    42
       Scale mail        |       |    21 |   106 |       |       |       ||   127
       Troll leather arm |       |       |       |   114 |   295 |   366 ||   775
Dodge: Dodged            |    78 |    93 |   209 |   284 |   843 |  1141 ||  2648
Block: Shield            |       |       |       |   142 |       |       ||   142
       Buckler           |       |       |       |    63 |   295 |   545 ||   903
       Rpst.: Scimitar   |       |       |       |     1 |       |     4 ||     5
       Demon blade       |       |       |       |       |    37 |   215 ||   252
       Falchion          |       |       |       |       |       |     4 ||     4

Table legend:
 A = Spawn XP
 B = Non-spawn XP
 C = Spawn XP percentage of total XP
 D = Spawn monster count
 E = Non-spawn monster count
 F = Spawn count percentage of total count
 G = Total turns spent on level
                    A         B        C        D         E        F      G
               +---------+---------+-------+---------+---------+-------+---------
         Total |       0 |  311970 |   0.0 |       0 |    1160 |   0.0 | 40805
               +---------+---------+-------+---------+---------+-------+---------
           D:1 |       0 |      48 |   0.0 |       0 |      29 |   0.0 |  1484
           D:2 |       0 |      26 |   0.0 |       0 |      13 |   0.0 |   868
           D:3 |       0 |     268 |   0.0 |       0 |      39 |   0.0 |  1543
           D:4 |       0 |     531 |   0.0 |       0 |      18 |   0.0 |   883
           D:5 |       0 |    1646 |   0.0 |       0 |      32 |   0.0 |  1302
           D:6 |       0 |     933 |   0.0 |       0 |      23 |   0.0 |  1138
           D:7 |       0 |     946 |   0.0 |       0 |      18 |   0.0 |   857
           D:8 |       0 |    7889 |   0.0 |       0 |      53 |   0.0 |  1376
           D:9 |       0 |    3133 |   0.0 |       0 |      21 |   0.0 |  1101
          D:10 |       0 |    3508 |   0.0 |       0 |      41 |   0.0 |  1108
          D:11 |       0 |    2896 |   0.0 |       0 |      29 |   0.0 |   515
          D:12 |       0 |    7160 |   0.0 |       0 |      27 |   0.0 |   762
          D:13 |       0 |    8723 |   0.0 |       0 |      44 |   0.0 |  1001
        Lair:1 |       0 |    1379 |   0.0 |       0 |      11 |   0.0 |  1201
        Lair:2 |       0 |    4239 |   0.0 |       0 |      23 |   0.0 |  1472
        Lair:3 |       0 |    9006 |   0.0 |       0 |      37 |   0.0 |  1479
        Lair:4 |       0 |    7384 |   0.0 |       0 |      25 |   0.0 |  1308
        Lair:5 |       0 |    4112 |   0.0 |       0 |      33 |   0.0 |  1047
        Lair:6 |       0 |   25417 |   0.0 |       0 |      81 |   0.0 |  2199
      Shoals:1 |       0 |   14434 |   0.0 |       0 |      26 |   0.0 |  1538
      Shoals:2 |       0 |   21290 |   0.0 |       0 |      37 |   0.0 |  1432
      Shoals:3 |       0 |   22488 |   0.0 |       0 |      50 |   0.0 |  1886
      Shoals:4 |       0 |   40256 |   0.0 |       0 |      81 |   0.0 |  1983
      Spider:1 |       0 |   18430 |   0.0 |       0 |      66 |   0.0 |  2188
      Spider:2 |       0 |   32647 |   0.0 |       0 |      71 |   0.0 |  2241
      Spider:3 |       0 |   13563 |   0.0 |       0 |      32 |   0.0 |  1820
      Spider:4 |       0 |   39339 |   0.0 |       0 |      90 |   0.0 |  1968
         Orc:1 |       0 |    4875 |   0.0 |       0 |      31 |   0.0 |   869
         Orc:2 |       0 |    8493 |   0.0 |       0 |      67 |   0.0 |  1330
      Vaults:1 |       0 |    6911 |   0.0 |       0 |      12 |   0.0 |   906
               +---------+---------+-------+---------+---------+-------+---------
